 Dungeon Crawl Stone Soup version 0.28.0-43-g3370ac3207 (console) character file.

Game seed: 1130586608915053690

1638 Zeor the Archer (level 8, -3/69 HPs)
             Began as a Minotaur Hunter on Mar 16, 2022.
             Slain by a boulder beetle (9 damage)
             ... on level 6 of the Dungeon.
             The game lasted 00:14:57 (5764 turns).

Zeor the Archer (Minotaur Hunter)                   Turns: 5764, Time: 00:14:58

Health: -3/69      AC: 15    Str: 19    XL:     8   Next: 66%
Magic:  7/7        EV:  6    Int:  8    God:
Gold:   47         SH:  0    Dex: 11    Spells: 7/7 levels left

rFire   . . .      SeeInvis .   b - +1 flail (holy)
rCold   . . .      Faith    .   (no shield)
rNeg    . . .      Spirit   .   g - +0 plate armour
rPois   .          Reflect  .   (helmet restricted)
rElec   .          Harm     .   f - +0 cloak
rCorr   .          Rampage  .   m - +0 pair of gloves
Will    .....                   (no boots)
Stlth   ..........              (no amulet)
HPRegen 0.21/turn               (no ring)
MPRegen 0.10/turn               (no ring)

@: mighty
A: horns 2, retaliatory headbutt
a: no special abilities


You were on level 6 of the Dungeon.
You visited 1 branch of the dungeon, and saw 6 of its levels.

You collected 209 gold pieces.
You spent 162 gold pieces at shops.

Inventory:

Hand Weapons
 a - a +1 shortbow
 b - a +1 flail of holy wrath (weapon)
Missiles
 d - 18 arrows
 e - 51 bolts
 j - 4 datura-tipped darts (quivered)
Armour
 f - a +0 cloak (worn)
 g - a +0 plate armour (worn)
 m - a +0 pair of gloves (worn)
Jewellery
 p - an amulet of reflection
 r - an amulet of faith
Wands
 c - a wand of polymorph (4)
 k - a wand of flame (7)
 o - a wand of iceblast (7)
 s - a wand of mindburst (18)
Scrolls
 h - 2 scrolls of teleportation
 n - a scroll of identify
 q - a scroll of fog
Potions
 l - a potion of attraction
 t - a potion of ambrosia


   Skills:
 + Level 5.5 Fighting
 + Level 2.9 Short Blades
 + Level 4.6 Maces & Flails
 * Level 9.1 Bows
 + Level 5.5 Armour
 + Level 2.7 Dodging
 - Level 0.8 Stealth


You had 7 spell levels left.
You didn't know any spells.
Your spell library contained the following spells:

 Spells                   Type           Power      Damage    Failure   Level
 Slow                     Hex            0%         N/A       100%        1
 Confusing Touch          Hex            0%         N/A       100%        3
 Vampiric Draining        Necr           0%         2d6       100%        3


Dungeon Overview and Level Annotations

Branches:
Dungeon (6/15)
 Temple: D:4-7

Altars:
Dithmenos
Makhleb

Shops:
D:4 [   D:5 !([


Innate Abilities, Weirdness & Mutations

You have a pair of horns on your head.
You reflexively headbutt those who attack you in melee.


Message History

* * * LOW HITPOINT WARNING * * *
You thump the boulder beetle! You headbutt the boulder beetle!
The boulder beetle is heavily wounded.
The boulder beetle bites you but does no damage.
The boulder beetle bites you.
* * * LOW HITPOINT WARNING * * *
You barely miss the boulder beetle.
You headbutt the boulder beetle, but do no damage.
The boulder beetle is heavily wounded.
The boulder beetle bites you but does no damage.
Unknown command.
You sock the boulder beetle!
The boulder beetle is severely wounded.
The boulder beetle barely misses you.
You hit the boulder beetle.
You headbutt the boulder beetle, but do no damage.
The boulder beetle is severely wounded.
The boulder beetle waves its antennae.
The boulder beetle bites you but does no damage.
You hit the boulder beetle. You headbutt the boulder beetle!
The boulder beetle is severely wounded.
The boulder beetle leaps!
Your +1 flail of holy wrath stops glowing.
a - a +1 shortbow (weapon)
Fire: 20 arrows
Press: ? - help, Q - select action, (/) - cycle Shift-Dir - straight line, f/p - boulder beetle
Aim: a boulder beetle (severely wounded, 90% to hit)
You shoot an arrow. The arrow hits the boulder beetle!
The boulder beetle is almost dead.
Fire: 19 arrows
Press: ? - help, Q - select action, (/) - cycle Shift-Dir - straight line, f/p - boulder beetle
Aim: a boulder beetle (severely wounded, 90% to hit)
You shoot an arrow. The arrow hits the boulder beetle.
The boulder beetle is almost dead.
Your +1 flail of holy wrath softly glows with a divine radiance!
b - a +1 flail of holy wrath (weapon)
You hit the boulder beetle.
The boulder beetle is almost dead.
The boulder beetle bites you!
You die...

)∙∙)∙∙∙∙∙∙∙∙∙▒
▒∙∙∙∙∙∙∙▒▒▒∙∙∙∙▒∙∙
∙)∙∙∙▒▒▒∙∙∙∙∙▒
▒▒∙∙∙▒∙∙▒▒▒▒▒▒▒▒▒∙
∙∙∙∙▒▒ ▒∙∙∙∙∙▒
▒∙∙∙▒∙∙∙▒∙ ∙ ∙∙∙∙▒
▒∙∙▒▒∙▒∙
▒▒∙∙∙∙∙∙∙∙ ∙ ∙▒∙∙▒


∙∙∙∙∙∙∙∙ ▒∙∙∙∙∙∙∙∙∙∙∙ ▒▒∙∙▒ ∙∙∙▒▒▒▒∙∙▒▒▒(∙▒<▒∙∙∙∙∙∙ ∙▒▒∙▒▒∙∙▒▒ ▒∙∙∙∙(∙∙▒∙▒▒▒∙∙▒▒
∙∙∙∙∙∙∙ ▒▒▒∙B∙∙▒▒∙∙ ∙∙∙ ▒∙▒▒∙∙∙ ▒▒H∙▒▒ ∙∙ ▒▒▒ ∙∙∙ ▒▒∙▒▒ ∙∙ ▒ ∙∙∙∙ ▒∙∙▒ ▒
▒∙∙∙∙∙∙∙∙∙∙ ▒ ∙∙∙∙∙∙∙∙∙∙∙∙∙ ▒ ▒∙∙▒∙∙∙∙∙∙∙∙∙∙ ▒ ∙∙∙∙▒▒∙∙∙∙∙∙∙∙∙ ∙ ∙∙∙ ∙∙∙∙∙∙∙∙∙∙
∙∙ ▒▒ ▒▒∙°∙∙∙∙∙∙ You could see a boulder beetle.

Vanquished Creatures
  A water moccasin (D:5)
  Duvessa (D:4)
  A necrophage (D:5)
  An ogre (D:5)
  A phantom (D:5)
  A kobold brigand (D:6)
  4 scorpions
  A water moccasin skeleton (D:2)
  Dowan (D:4)
  An electric eel (D:6)
  A howler monkey (D:4)
  A centaur zombie (D:6)
  2 jellies
  A bullfrog skeleton (D:6)
  4 hounds
  2 orc priests (D:5)
  2 centaur skeletons (D:4)
  3 iguanas
  3 orc wizards (D:5)
  Ijyb (D:5)
  5 adders
  A white imp (D:4)
  2 ufetubi (D:5)
  An adder skeleton (D:4)
  3 dart slugs
  12 orcs
  7 endoplasms
  4 giant cockroaches
  7 goblins
  6 hobgoblins
  4 jackals (D:5)
  2 quokkas
  3 ball pythons
  7 bats
  6 frilled lizards
  4 kobolds
  3 rats (D:2)
110 creatures vanquished.

Vanquished Creatures (others)
  25 plants (D:6)
25 creatures vanquished.

Grand Total: 135 creatures vanquished

Notes
Turn   | Place    | Note
-------+----------+-------------------------------------------
     0 | D:1      | Zeor the Minotaur Hunter began the quest for the Orb.
     0 | D:1      | Reached XP level 1. HP: 18/18 MP: 0/0
    80 | D:1      | Reached XP level 2. HP: 25/25 MP: 1/1
   218 | D:1      | Reached skill level 5 in Bows
   616 | D:2      | Reached XP level 3. HP: 22/30 MP: 2/2
   616 | D:2      | Reached XP level 4. HP: 28/37 MP: 3/3
   715 | D:2      | Noticed a scorpion
   722 | D:2      | Killed a scorpion
   723 | D:2      | Reached skill level 1 in Short Blades
   723 | D:2      | Reached skill level 6 in Bows
   839 | D:2      | Reached XP level 5. HP: 45/45 MP: 4/4
  1296 | D:2      | Reached skill level 1 in Armour
  2262 | D:4      | Reached skill level 7 in Bows
  2289 | D:4      | Reached XP level 6. HP: 46/52 MP: 5/5
  2358 | D:4      | Found Bofuakk's Antique Armour Shoppe.
  2667 | D:4      | Noticed Duvessa
  2667 | D:4      | Noticed Dowan
  2688 | D:4      | Killed Duvessa
  2691 | D:4      | Killed Dowan
  2902 | D:4      | Reached XP level 7. HP: 55/59 MP: 6/6
  3271 | D:4      | Found a burning altar of Makhleb.
  3362 | D:4      | Found a shadowy altar of Dithmenos.
  3639 | D:5      | Entered Level 5 of the Dungeon
  3879 | D:5      | Reached skill level 8 in Bows
  4149 | D:5      | Reached skill level 1 in Maces & Flails
  4227 | D:5      | Reached XP level 8. HP: 27/67 MP: 7/7
  4436 | D:5      | Found Tauthuh's Antique Armour Emporium.
  4452 | D:5      | Reached skill level 5 in Fighting
  4512 | D:5      | Bought a cloak for 81 gold pieces
  4512 | D:5      | Bought a pair of gloves for 81 gold pieces
  4550 | D:5      | Noticed Ijyb
  4600 | D:5      | Killed Ijyb
  4931 | D:5      | Found Qyrhoemn's Weapon Boutique.
  4958 | D:5      | Found Vunolik's Distillery.
  5055 | D:5      | Reached skill level 5 in Armour
  5574 | D:6      | Reached skill level 9 in Bows
  5740 | D:6      | Noticed a boulder beetle
  5764 | D:6      | Slain by a boulder beetle

Illustrated notes

Levels and vault maps discovered:
D:1:      ebering_trefoil_3fold, layout_rooms, grunt_decor_arrowhead
D:2:      layout_basic
D:3:      layout_basic
D:4:      layout_gridville, lightli_temple_of_fire,
          mainiacjoe_overflow_tiny_flanked, serial_shops,
          nicolae_shop_hallway_plus, uniq_duvessa
D:5:      layout_loops_cross, serial_shops, shop, shop, shop, uniq_ijyb
D:6:      layout_cave_pools, serial_bayou, serial_bayou_lagoon_a,
          serial_bayou_pond_d, serial_bayou_shore_a, serial_bayou_lagoon_b

Skill      XL: |  1  2  3  4  5  6  7  8 |
---------------+-------------------------+-----
Bows           | 5 6 7 8 9 |  9.1
Fighting       | 3 4 5 |  5.5
Short Blades   | 1 2 |  2.9
Armour         | 2 4 5 |  5.5
Maces & Flails | 2 4 |  4.6
Dodging        | |  2.7
Stealth        | |  0.8

Action                   |  1- 3 |  4- 6 |  7- 9 || total
-------------------------+-------+-------+-------++-------
Melee: Short sword       |    17 |    37 |       ||    54
       Headbutt          |     3 |    15 |    22 ||    40
       Rapier            |       |    36 |    14 ||    50
       Flail             |       |       |   140 ||   140
       Punch             |       |       |     2 ||     2
 Fire: Shortbow          |    30 |    86 |    92 ||   208
Throw: Dart              |       |       |     1 ||     1
  Use: Scroll            |     2 |     2 |     5 ||     9
       Potion            |       |     2 |     5 ||     7
Armor: Leather armour    |     2 |       |       ||     2
       Plate armour      |    18 |    55 |   119 ||   192
       Skin              |       |    29 |       ||    29
Dodge: Dodged            |     5 |    24 |    50 ||    79
